 Dungeon Crawl Stone Soup version 0.21-a0-504-g2eda330 (webtiles) character file.

226 kae the Cudgeler (level 6, 0/39 HPs)
             Began as a Gargoyle Fighter on Nov 25, 2017.
             Slain by an ogre
             ... wielding a +0 giant club
              (21 damage)
             ... on level 4 of the Dungeon.
             The game lasted 00:03:07 (2548 turns).

kae the Cudgeler (Gargoyle Fighter)                 Turns: 2548, Time: 00:03:07

Health: 0/39       AC: 15    Str: 21    XL:     6   Next: 1%
Magic:  6/6        EV:  7    Int:  9    God:
Gold:   111        SH:  9    Dex:  9    Spells: 5/5 levels left

rFire    . . .     SeeInvis .   a - +0 flail
rCold    . . .     Gourm    .   c - +0 shield
rNeg     + . .     Faith    .   b - +1 scale mail
rPois    ∞         Spirit   .   (no helmet)
rElec    +         Reflect  .   (no cloak)
rCorr    .         Harm     .   u - +2 pair of gloves
MR       +....                  (no boots)
Stlth    ..........             (no amulet)
HPRegen  0.13/turn              g - ring of protection from magic
MPRegen  0.10/turn              (no ring)

@: no status effects
A: negative energy resistance 1, electricity resistance, unbreathing,
petrification resistance, rot immunity, AC +4
a: no special abilities


You were on level 4 of the Dungeon.
You were not hungry.

You visited 1 branch of the dungeon, and saw 4 of its levels.

You collected 111 gold pieces.

Inventory:

Hand Weapons
 a - a +0 flail (weapon)
Armour
 b - a +1 scale mail (worn)
 c - a +0 shield (worn)
 u - a +2 pair of gloves (worn)
Jewellery
 g - a ring of protection from magic (left hand)
Scrolls
 i - 2 scrolls of teleportation {unknown}
 k - a scroll of immolation {unknown}
 m - 2 scrolls of identify
 r - 2 scrolls of magic mapping {unknown}
 s - a scroll of remove curse
Potions
 d - 2 potions of might
 e - 2 potions of agility
 h - a potion of brilliance {unknown}
 l - a potion of heal wounds {unknown}
 n - a potion of lignification {unknown}
 p - a potion of curing {unknown}
 q - a potion of degeneration {unknown}
 t - a potion of haste {unknown}
Comestibles
 f - 4 bread rations
 o - 2 meat rations


   Skills:
 + Level 4.5 Fighting
 * Level 4.5 Maces & Flails
 + Level 4.4 Armour
 - Level 3.2 Shields


You had 5 spell levels left.
You didn't know any spells.

Dungeon Overview and Level Annotations

Branches:
Dungeon (4/15)
 Temple: D:4-7

Altars:
Cheibriados
Dithmenos
Elyvilon
Fedhas
Nemelex Xobeh
Okawaru
Trog

Shops:
D:4 [


Innate Abilities, Weirdness & Mutations

You are resistant to torment.
Your stone body is resilient. (AC +4)
You are immune to poison.
You resist negative energy. (rN+)
You are resistant to electric shocks. (rElec)
You can survive without breathing.
You are immune to petrification.
You are immune to rotting.


Message History

Increase (S)trength, (I)ntelligence, or (D)exterity?
You feel stronger.
You hit the ogre.
The ogre is lightly wounded.
The ogre hits you with a giant club!
You are too injured to fight recklessly!
You are too injured to fight recklessly!
You are too injured to fight recklessly!
You are too injured to fight recklessly!
You are too injured to fight recklessly!
You are too injured to fight recklessly!
You are too injured to fight recklessly!
You barely miss the ogre.
The ogre is lightly wounded.
The ogre hits you with a giant club.
You sock the ogre!
The ogre is heavily wounded.
The ogre hits you with a giant club!!
Ouch! That really hurt!
You die...

.................##
# ####.........# .#
#......######.# #
#.............#.#
#..........>....##
...............8..#
#######.............
..##.....#.8.∩.8.
.......@.#.##.###
......O..#.# #
.........#.#
.........#..
#.....?..###
#.....##.# ......
#.# ...... .#


You could see an ogre.

Vanquished Creatures
  A hound (D:3)
  A bullfrog skeleton (D:4)
  An iguana (D:4)
  5 adders
  An ooze (D:4)
  3 worms
  3 dart slugs
  2 leopard geckos
  2 giant cockroaches
  7 goblins
  9 hobgoblins
  7 jackals
  A quokka (D:3)
  2 ball pythons (D:1)
  12 bats
  9 kobolds
  A quokka zombie (D:3)
  9 rats
76 creatures vanquished.

Notes
Turn   | Place    | Note
-------+----------+-------------------------------------------
     0 | D:1      | kae the Gargoyle Fighter began the quest for the Orb.
     0 | D:1      | Reached XP level 1. HP: 14/14 MP: 1/1
    87 | D:1      | Reached XP level 2. HP: 14/19 MP: 2/2
   436 | D:1      | Reached XP level 3. HP: 23/23 MP: 3/3
  1261 | D:2      | Reached XP level 4. HP: 29/29 MP: 4/4
  1930 | D:3      | Reached XP level 5. HP: 33/33 MP: 5/5
  2160 | D:3      | Found a white marble altar of Elyvilon.
  2170 | D:3      | Found an iron altar of Okawaru.
  2170 | D:3      | Found a bloodstained altar of Trog.
  2170 | D:3      | Found a blossoming altar of Fedhas.
  2171 | D:3      | Found a sparkling altar of Nemelex Xobeh.
  2175 | D:3      | Found a shadowy altar of Dithmenos.
  2198 | D:3      | Found a snail-covered altar of Cheibriados.
  2536 | D:4      | Found Enaisapu's Antique Armour Boutique.
  2541 | D:4      | Noticed an ogre
  2545 | D:4      | Reached XP level 6. HP: 37/39 MP: 6/6
  2548 | D:4      | Slain by an ogre

Vault maps used:
D:1:      dpeg_arrival_erosion
D:2:      first_bread, kennysheep_generic_room_15
D:3:      minitemple
D:4:      temple_green, serial_shops, nicolae_shop_statue_plus,
          uniq_crazy_yiuf_cottage

Skill      XL: |  1  2  3  4  5 |
---------------+----------------+-----
Maces & Flails | 3 4 |  4.5
Fighting       | 4 |  4.5
Armour         | 4 |  4.4
Shields        | |  3.2

Action                   |  1- 3 |  4- 6 || total
-------------------------+-------+-------++-------
Melee: Flail             |   160 |   199 ||   359
  Use: Scroll            |       |     4 ||     4
  Eat: Chunk             |     1 |     5 ||     6
Armor: Scale mail        |   119 |   131 ||   250
Dodge: Dodged            |    60 |    78 ||   138
Block: Shield            |    95 |   121 ||   216

Table legend:
 A = Spawn XP
 B = Non-spawn XP
 C = Spawn XP percentage of total XP
 D = Spawn monster count
 E = Non-spawn monster count
 F = Spawn count percentage of total count
 G = Total turns spent on level
                    A         B        C        D         E        F      G
               +---------+---------+-------+---------+---------+-------+---------
         Total |       0 |     323 |   0.0 |       0 |      76 |   0.0 |  2548
               +---------+---------+-------+---------+---------+-------+---------
           D:1 |       0 |      53 |   0.0 |       0 |      32 |   0.0 |  1046
           D:2 |       0 |      45 |   0.0 |       0 |      12 |   0.0 |   686
           D:3 |       0 |     119 |   0.0 |       0 |      27 |   0.0 |   667
           D:4 |       0 |     106 |   0.0 |       0 |       5 |   0.0 |   149
               +---------+---------+-------+---------+---------+-------+---------
